 Dungeon Crawl Stone Soup version 0.30.1-4-g462c640d31 (webtiles) character file.

Game seed: 2971508720152931975

508 spardeous the Conjurer (level 6, -7/45 HPs)
             Began as a Demigod Conjurer on Aug 17, 2023.
             Mangled by Crazy Yiuf
             ... wielding a +3 quarterstaff of chaos
              (16 damage)
             ... on level 4 of the Dungeon.
             The game lasted 00:04:27 (4585 turns).

spardeous the Conjurer (Demigod Conjurer)           Turns: 4585, Time: 00:04:28

Health: -7/45      AC:  7    Str: 16    XL:     6   Next: 65%
Magic:  2/16       EV: 11    Int: 20    God:
Gold:   117        SH:  0    Dex: 24    Spells: 7/14 levels left

rFire   . . .        j - +4 whip
rCold   . . .        (no shield)
rNeg    . . .        B - +0 ring mail
rPois   .            (no helmet)
rElec   .            (no cloak)
rCorr   .            (no gloves)
SInv    .            q - +1 pair of boots
Will    .....        (no amulet)
Stlth   ++           n - +6 ring of dexterity
HPRegen 0.27/turn    v - +6 ring of dexterity
MPRegen 0.15/turn

%: no passive effects
@: lethally poisoned (-7 -> -14), stuck, very slightly contaminated
A: high MP 1, forlorn, divine attributes
a: no special abilities


You were on level 4 of the Dungeon.
You visited 1 branch of the dungeon, and saw 4 of its levels.

You collected 183 gold pieces.
You spent 66 gold pieces at shops.

Inventory:

Hand Weapons
 j - a +4 whip (weapon)
Armour
 a - a +0 robe
 q - a +1 pair of boots (worn)
 B - a +0 ring mail (worn)
Jewellery
 g - a ring of ice
 n - a +6 ring of dexterity (left hand)
 v - a +6 ring of dexterity (right hand)
Wands
 u - a wand of charming (2)
Scrolls
 c - 5 scrolls of teleportation {unknown}
 d - a scroll of blinking
 e - a scroll of fear {unknown}
 h - a scroll of amnesia
 l - a scroll of silence
 p - a scroll of noise
 t - a scroll of enchant weapon
 x - a scroll of poison
 y - a scroll of fog {unknown}
 z - a scroll of enchant armour {unknown}
 A - a scroll of vulnerability {unknown}
Potions
 b - a potion of magic
 f - 5 potions of haste {unknown}
 i - 2 potions of lignification {unknown}
 k - a potion of flight
 o - 2 potions of ambrosia
 r - 3 potions of heal wounds
 s - 2 potions of degeneration {unknown}
 w - a potion of cancellation {unknown}


   Skills:
 - Level 1.7 Dodging
 - Level 1.7 Stealth
 + Level 4.6 Spellcasting
 + Level 6.0 Conjurations


You had 7 spell levels left.
You knew the following spells:

 Your Spells              Type           Power      Damage    Failure   Level
a - Magic Dart            Conj           100%       1d8       1%          1
b - Searing Ray           Conj           56%        2d6       3%          2
c - Iskenderun's Mystic   Conj/Tloc      16%        2d5       54%         4

Your spell library contained the following spells:

 Spells                   Type           Power      Damage    Failure   Level
 Dazzling Flash           Conj/Hex       32%        N/A       21%         3
 Sublimation of Blood     Necr           4%         N/A       34%         2
 Wereblood                Tmut           4%         N/A       34%         2
 Fulminant Prism          Conj/Hex       8%         3d7       54%         4
 Vhi's Electric Charge    Tloc/Air       8%         N/A       56%         3
 Arcjolt                  Conj/Air       8%         1d18      88%         5
 Summon Hydra             Summ           2%         N/A       100%        7
 Maxwell's Capacitive Co  Air            2%         ∞         100%        8


Dungeon Overview and Level Annotations

Branches:
Dungeon (4/15)
 Temple: D:4-7

Shops:
D:4 ?

Annotations:
D:3 2 runed translucent doors, Rangus's ghost, amateur GnRe
D:4 2 transporters, Crazy Yiuf; superradish's ghost, amateur DsBr


Innate Abilities, Weirdness & Mutations

You have an increased reservoir of magic. (+10% MP)
You shall have no god before yourself.
Your divine heritage dramatically boosts your attributes as you level up.


Message History

Crazy Yiuf burns you.
You take 15 damage, and have 30/45 hp.
MASSIVE DAMAGE!!
You now have 13/16 mp.
The searing ray hits Crazy Yiuf.
Crazy Yiuf is severely wounded.
Crazy Yiuf hits you with a +3 quarterstaff of chaos.
Space warps horribly around you!
* * * LOW HITPOINT WARNING * * *
You take 16 damage, and have 14/45 hp.
MASSIVE DAMAGE!!
You now have 12/16 mp.
Unknown command.
Casting: Searing Ray (safe; 3% risk of failure)
Confirm with . or Enter, or press ? or * to list all spells.
Restarting spell: Searing Ray (safe; 3% risk of failure)
Press: ? - help, Shift-Dir - straight line, f/p - Crazy Yiuf
Aim: Crazy Yiuf, wielding a +3 quarterstaff of chaos and wearing a +0 cloak (severely wounded, 82% to hit)
The searing ray misses Crazy Yiuf. (Press . to maintain the ray.) Crazy Yiuf grits, "Citrus!"
Crazy Yiuf drinks a potion.
Crazy Yiuf is healed!
You now have 10/16 mp.
Casting: Searing Ray (safe; 3% risk of failure)
Confirm with . or Enter, or press ? or * to list all spells.
You don't know that spell.
Casting: Searing Ray (safe; 3% risk of failure)
Confirm with . or Enter, or press ? or * to list all spells.
The spell is extremely dangerous to miscast (54% risk of failure)!
Continue anyway?
You miscast Iskenderun's Mystic Blast.
You are very lightly contaminated with residual magic.
The air around you crackles with energy.
You are magically locked in place.
Crazy Yiuf hits you with a +3 quarterstaff of chaos.
* * * LOW HITPOINT WARNING * * *
You are poisoned.
You take 4 damage, and have 10/45 hp.
You now have 6/16 mp.
Casting: Iskenderun's Mystic Blast (extremely dangerous; 54% risk of failure)
Confirm with . or Enter, or press ? or * to list all spells.
The spell is extremely dangerous to miscast (54% risk of failure)!
Continue anyway?
You miscast Iskenderun's Mystic Blast.
Space warps crazily around you.
You are magically locked in place.
You feel sick.
Crazy Yiuf hits you with a +3 quarterstaff of chaos!
You die...

.##)##.###...# ##.......###....#.
.##.##.......###.........##......
.........[.....'.........'.......
#.#.########################....#
.##.# #.#.## ###.# #.### ###.#
### #######.#### ....# #)..###
##........... #####
#...g@####P.....#####. #
#...##..#..P...## #. # ###
###.#....## #. # ##############.
# #......#. # ### ####...... #
#.# #.##.##.## #
#.#########.##.##.# #
#..............##.#


You could see Crazy Yiuf.

Vanquished Creatures
  A black bear (D:4)
  A phantom (D:4)
  A scorpion (D:4)
  A jelly (D:4)
  An orc priest (D:4)
  2 hounds (D:4)
  2 orc wizards (D:4)
  2 adders
  3 dart slugs
  7 orcs
  4 bats
  10 endoplasms
  4 giant cockroaches
  4 goblins
  10 hobgoblins
  5 jackals
  2 quokkas
  7 ball pythons
  4 frilled lizards
  9 kobolds
  8 rats
88 creatures vanquished.

Notes
Turn   | Place    | Note
-------+----------+-------------------------------------------
     0 | D:1      | spardeous the Demigod Conjurer began the quest for the Orb.
     0 | D:1      | Reached XP level 1. HP: 14/14 MP: 5/5
   319 | D:1      | Reached XP level 2. HP: 20/20 MP: 3/7
   779 | D:1      | Reached skill level 4 in Conjurations
  1547 | D:2      | Reached XP level 3. HP: 26/26 MP: 3/9
  2119 | D:3      | Found a runed translucent door.
  2142 | D:3      | Noticed Rangus's ghost (amateur GnRe)
  2243 | D:3      | Learned a level 2 spell: Searing Ray
  2674 | D:3      | Reached XP level 4. HP: 33/33 MP: 8/11
  2856 | D:3      | Found a runed translucent door.
  2886 | D:3      | Learned a level 4 spell: Iskenderun's Mystic Blast
  2951 | D:4      | Noticed a black bear
  2957 | D:4      | Killed a black bear
  2958 | D:4      | Reached skill level 5 in Conjurations
  2958 | D:4      | Reached XP level 5. HP: 24/38 MP: 5/13
  3161 | D:4      | Found a transporter.
  3167 | D:4      | Noticed superradish's ghost (amateur DsBr)
  3169 | D:4      | Found a transporter.
  3630 | D:4      | Reached XP level 6. HP: 37/45 MP: 4/15
  3767 | D:4      | Found a runed translucent door.
  3768 | D:4      | Noticed Crazy Yiuf
  3908 | D:4      | Found Vokheqen's Magic Scroll Boutique.
  3915 | D:4      | Bought a scroll of identify for 22 gold pieces
  3915 | D:4      | Bought a scroll of identify for 22 gold pieces
  3915 | D:4      | Bought a scroll of identify for 22 gold pieces
  4301 | D:4      | Reached skill level 6 in Conjurations
  4585 | D:4      | Mangled by Crazy Yiuf

Illustrated notes

Levels and vault maps discovered:
D:1:      onia_arrival_handbag, layout_loops_ring
D:2:      layout_basic, shapermc_ecumenical_altar_petra
D:3:      layout_basic, ebering_ghost_sewer_f
D:4:      layout_loops_corners, gammafunk_ghost_arena, serial_shops,
          nicolae_stop_n_shop_1, uniq_crazy_yiuf_cottage

Skill      XL: |  1  2  3  4  5  6 |
---------------+-------------------+-----
Spellcasting   | 2 3 4 |  4.6
Conjurations   | 4 5 6 |  6.0
Dodging        | |  1.7
Stealth        | |  1.7

Action                     |  1- 3 |  4- 6 || total
---------------------------+-------+-------++-------
  Melee: Whip              |    11 |    14 ||    25
   Cast: Magic Dart        |   106 |    11 ||   117
         Searing Ray       |       |    21 ||    21
    Use: Scroll            |       |     8 ||     8
   Stab: Sleeping          |       |     2 ||     2
 Armour: Robe              |     2 |     9 ||    11
  Dodge: Dodged            |    10 |    22 ||    32
